AoeStats
← AoEBoB11

Arena

509901092Analyzed
1v1 RM · 2d ago on Sep 28, 2026· 42m 55s· 2 players
Game mode
Random Map
Map size
Tiny (2 player)
Population
200
Speed
Normal
Resources
Standard
Victory
Conquest
Starting age
Dark Age
Ending age
Imperial Age
RankedLock teamsTeams togetherTeam positionsShared explorationLock speedFull tech treeHidden civsTurbo modeCheats
Victory
Defeat
🇬🇧 Saxons · United Kingdom
911
+16
🇪🇸 Burgundians · Spain
908
-16
Riojacity
7:18 Double-Bit Axe
8:28 Gold Mining
9:18 Stone Mining
11:39 Feudal Age
11:30 Wheelbarrow
12:30 Bow Saw
12:01 Horse Collar
13:45 Gold Shaft Mining
13:47 Stone Shaft Mining
13:35 Heavy Plow
15:26 Loom
18:23 Hand Cart
21:29 Castle Age
19:35 Arson
21:04 Forging
20:55 Scale Mail Armor
22:57 Husbandry
23:00 Squires
24:24 Two-Man Saw
24:03 Town Watch
24:10 Pikeman
28:15 Iron Casting
28:51 Scale Barding Armor
28:37 Fletching
31:10 Chain Barding Armor
30:45 Bodkin Arrow
30:13 Cavalier
34:44 Imperial Age
33:07 Burgundian Vineyards
33:56 Chain Mail Armor
36:57 Blast Furnace
36:39 Plate Barding Armor
39:49 Murder Holes
40:40 Flemish Revolution
AoEBoB11
11:52 Feudal Age
13:00 Double-Bit Axe
12:59 Horse Collar
13:32 Stone Mining
16:04 Castle Age
15:03 Wheelbarrow
17:10 Heavy Plow
17:22 Bow Saw
18:24 Wheelbarrow
26:34 Forging
29:55 Imperial Age
27:35 Gold Mining
28:19 Hand Cart
29:30 Forging
29:21 Scale Mail Armor
30:12 Gold Shaft Mining
29:49 Loom
30:03 Gambesons
30:18 Squires
30:05 Arson
31:08 Iron Casting
31:08 Chain Mail Armor
30:56 Padded Archer Armor
30:53 Fletching
30:31 Pikeman
32:21 Plate Mail Armor
32:25 Leather Archer Armor
31:45 Elite Hearth Troop
32:17 Elite Varangian Guard
33:13 Bodkin Arrow
33:52 Ring Archer Armor
32:59 Shield Wall
34:00 Conscription
35:59 Bracer
37:17 Halberdier
41:33 Ballistics
42:14 Chemistry
41:21 Siege Engineers
41:48 Man-at-Arms
Connection lost

Rejoining the realm…

Still unreachable

The connection could not be restored.

Session expired

The server has moved on; the page needs a fresh start.